 Dungeon Crawl Stone Soup version 0.30-a0-21-g5d08c37080 (webtiles) character file.

Game seed: 4563258103093192871

1747 Nedwor the Cutter (level 8, -20/62 HPs)
             Began as a Demonspawn Gladiator on Aug 24, 2022.
             Was a Believer of Uskayaw.
             Demolished by Grum
             ... wielding a +0 halberd
              (21 damage)
             ... on level 5 of the Dungeon.
             The game lasted 00:07:53 (6989 turns).

Nedwor the Cutter (Demonspawn Gladiator)            Turns: 6989, Time: 00:07:54

Health: -20/62     AC:  9    Str: 16    XL:     8   Next: 77%
Magic:  9/9        EV:  8    Int: 11    God:    Uskayaw [**....]
Gold:   165        SH:  0    Dex: 14    Spells: 7/7 levels left

rFire   . . .      SeeInvis +    h - +4 dagger
rCold   . . .      Faith    +    (no shield)
rNeg    . . .      Spirit   .    g - +0 chain mail
rPois   .          Reflect  .    (helmet restricted)
rElec   .          Harm     .    (no cloak)
rCorr   .          Rampage  .    (no gloves)
Will    .....                    (no boots)
Stlth   ..........               q - amulet of faith
HPRegen 0.20/turn                y - ring of see invisible
MPRegen 0.11/turn                (no ring)

@: no status effects
A: hooves 1, horns 1, demonic touch 2
a: Renounce Religion, Stomp, Line Pass


You were on level 5 of the Dungeon.
You worshipped Uskayaw.
Uskayaw was noncommittal.
You visited 1 branch of the dungeon, and saw 5 of its levels.

You collected 165 gold pieces.

Inventory:

Hand Weapons
 a - a +0 rapier
 h - a +4 dagger (weapon)
Missiles
 A - 2 throwing nets (quivered)
Armour
 b - a +0 leather armour
 c - a +0 helmet
 g - a +0 chain mail (worn)
Jewellery
 q - an amulet of faith (around neck)
 y - a ring of see invisible (left hand)
Wands
 m - a wand of polymorph (7)
 w - a wand of roots (8)
Scrolls
 f - 4 scrolls of teleportation
 r - a scroll of silence {unknown}
 s - a scroll of enchant weapon {unknown}
 u - a scroll of noise {unknown}
 v - 2 scrolls of identify
 z - a scroll of blinking {unknown}
 B - a scroll of amnesia
 D - a scroll of torment {unknown}
Potions
 d - 4 potions of curing
 e - a potion of cancellation
 i - a potion of brilliance {unknown}
 j - 2 potions of degeneration {unknown}
 k - a potion of resistance
 l - a potion of invisibility {unknown}
 n - 2 potions of lignification {unknown}
 o - 3 potions of might {unknown}
 p - a potion of flight {unknown}
 t - a potion of heal wounds {unknown}
 x - 2 potions of mutation {unknown}
 C - a potion of berserk rage {unknown}


   Skills:
 + Level 5.2 Fighting
 * Level 7.0 Short Blades
 - Level 1.7 Throwing
 + Level 4.3 Armour
 + Level 5.2 Dodging
 + Level 2.2 Invocations


You had 7 spell levels left.
You didn't know any spells.
Your spell library was empty.

Dungeon Overview and Level Annotations

Branches:
Dungeon (5/15)
 Temple: D:4-7

Altars:
Dithmenos
Trog
Uskayaw
Vehumet
Wu Jian
Lugonu

Shops:
D:4 *

Portals:
Abyss: D:3

Annotations:
D:5 Grum


Innate Abilities, Weirdness & Mutations

You have large cloven feet.
You have a pair of small horns on your head.
Your touch may inflict irresistible damage on your foes.


Message History

Grum is moderately wounded.
Grum barely misses you.
You hit Grum.
Grum is heavily wounded.
You hit Grum.
You touch Grum!
Grum is severely wounded.
Grum drinks a potion.
Grum suddenly seems more resistant.
You can now pass through a line of other dancers.
You hit Grum but do no damage. You kick Grum, but do no damage.
Grum is severely wounded.
Grum hits you with a +0 halberd!!
You are too injured to fight recklessly!
You are too injured to fight recklessly!
You are too injured to fight recklessly!
You are too injured to fight recklessly!
You are too injured to fight recklessly!
You are too injured to fight recklessly!
You are too injured to fight recklessly!
You are too injured to fight recklessly!
You are too injured to fight recklessly!
You are too injured to fight recklessly!
You are too injured to fight recklessly!
Unknown command.
You closely miss Grum. Your kick misses Grum.
Grum is severely wounded.
You hit Grum.
Grum is severely wounded.
Grum hits you with a +0 halberd!
* * * LOW HITPOINT WARNING * * *
You hit Grum. You kick Grum, but do no damage.
You headbutt Grum, but do no damage.
Grum is almost dead.
You hit Grum but do no damage. You kick Grum, but do no damage.
Grum is almost dead.
Grum hits you with a +0 halberd.
* * * LOW HITPOINT WARNING * * *
You closely miss Grum. You kick Grum.
Grum is almost dead.
Grum hits you with a +0 halberd!!
You die...

########.....### ##.
###.........###..####..
#...##.###.........#.#.
#....................#.
#....##................
#...####......<........
##.##..##..............
#.##.g##..............
#..#'@#......#........
#.................#.#.
#......###........#...
#.....#####...........
#.....'...##.###......
#.....'...##.# ##....#
#.....'...##.# #..<..#
#.....#####..###......
#......###............


You could see Grum (resistant).

Vanquished Creatures
  A water moccasin (D:4)
  A black bear (D:4)
  2 ogres
  A wolf (D:5)
  A phantom (D:5)
  A necrophage (D:5)
  4 scorpions
  An orc priest (D:5)
  15 hounds
  Natasha (thrice) (D:4)
  2 iguanas
  2 orc wizards (D:5)
  10 gnolls
  6 adders
  2 ufetubi
  2 worms (D:2)
  3 dart slugs
  14 orcs
  6 endoplasms
  3 giant cockroaches
  10 hobgoblins
  2 jackals (D:2)
  3 quokkas
  8 ball pythons
  10 bats
  3 frilled lizards
  11 goblins
  10 kobolds
  4 rats
141 creatures vanquished.

Notes
Turn   | Place    | Note
-------+----------+-------------------------------------------
     0 | D:1      | Nedwor the Demonspawn Gladiator began the quest for the
                  | Orb.
     0 | D:1      | Reached XP level 1. HP: 16/16 MP: 1/1
   415 | D:1      | Discovered your monstrous ancestry.
   415 | D:1      | Gained mutation: Your touch may inflict minor irresistible
                  | damage on your foes. [demonic ancestry]
   415 | D:1      | Reached XP level 2. HP: 16/22 MP: 2/2
   431 | D:1      | Reached skill level 3 in Short Blades
   920 | D:1      | Found a faded altar of an unknown god.
   945 | D:1      | Gained mutation: Your touch may inflict irresistible damage
                  | on your foes. [demonic ancestry]
   945 | D:1      | Reached XP level 3. HP: 23/28 MP: 3/3
  1410 | D:2      | Reached skill level 1 in Armour
  1667 | D:2      | Reached XP level 4. HP: 32/34 MP: 4/4
  2296 | D:3      | Noticed a scorpion
  2309 | D:3      | Killed a scorpion
  2310 | D:3      | Reached XP level 5. HP: 16/40 MP: 5/5
  2626 | D:3      | Reached skill level 4 in Short Blades
  2809 | D:3      | Found a one-way gate to the infinite horrors of the Abyss.
  3253 | D:3      | Found a large runed translucent door.
  3253 | D:3      | Found a large runed translucent door.
  3290 | D:3      | Found a corrupted altar of Lugonu.
  4118 | D:4      | Reached XP level 6. HP: 28/47 MP: 6/6
  4592 | D:4      | Found an ornate altar of the Wu Jian Council.
  4612 | D:4      | Noticed a water moccasin
  4642 | D:4      | Killed a water moccasin
  4643 | D:4      | Reached skill level 5 in Short Blades
  4900 | D:4      | Gained mutation: You have a pair of small horns on your
                  | head. [demonic ancestry]
  4900 | D:4      | Reached XP level 7. HP: 41/53 MP: 7/7
  4968 | D:4      | Found a shadowy altar of Dithmenos.
  5217 | D:4      | Noticed Natasha
  5227 | D:4      | Killed Natasha
  5368 | D:4      | Found Zoeheumn's Assorted Antiques.
  5600 | D:4      | Noticed Natasha
  5611 | D:4      | Killed Natasha
  5776 | D:4      | Noticed Natasha
  5783 | D:4      | Killed Natasha
  5855 | D:5      | Entered Level 5 of the Dungeon
  6092 | D:5      | Reached skill level 6 in Short Blades
  6097 | D:5      | Gained mutation: You have large cloven feet. [demonic
                  | ancestry]
  6097 | D:5      | Reached XP level 8. HP: 54/61 MP: 8/8
  6211 | D:5      | Found a bloodstained altar of Trog.
  6358 | D:5      | Found a hide-covered altar of Uskayaw.
  6413 | D:5      | Became a worshipper of Uskayaw the Reveller
  6444 | D:5      | Reached * piety under Uskayaw
  6488 | D:5      | Found a radiant altar of Vehumet.
  6510 | D:5      | Reached ** piety under Uskayaw
  6517 | D:5      | Reached *** piety under Uskayaw
  6518 | D:5      | Reached **** piety under Uskayaw
  6519 | D:5      | Reached skill level 5 in Fighting
  6519 | D:5      | Reached skill level 5 in Dodging
  6519 | D:5      | Reached skill level 1 in Invocations
  6621 | D:5      | Reached ***** piety under Uskayaw
  6837 | D:5      | Reached skill level 7 in Short Blades
  6978 | D:5      | Noticed Grum
  6988 | D:5      | HP: 1/62 [Grum/+0 halberd (6)]
  6989 | D:5      | Demolished by Grum

Illustrated notes

Levels and vault maps discovered:
D:1:      saegor_arrival_fortress, layout_basic,
          shapermc_ecumenical_altar_pompeii
D:2:      layout_loops_cross
D:3:      due_chaos_kobolds, layout_loops_ring
D:4:      layout_loops_ring, grunt_dithmenos_smoke, lemuel_tele_altar,
          serial_shops, shop, uniq_natasha
D:5:      layout_cave_pools, nicolae_vehumet_radiance,
          mainiacjoe_overflow_chevrons, mainiacjoe_overflow_cross_hatched,
          serial_gnoll_camp, gnoll_camp_mini_doghouse, gnoll_camp_mini_doghouse,
          grums_kennel, gnoll_camp_mini_loothouse

Skill      XL: |  1  2  3  4  5  6  7  8 |
---------------+-------------------------+-----
Short Blades   | 3 4 5 6 7 |  7.0
Dodging        | 3 4 5 |  5.2
Armour         | 1 2 3 4 |  4.3
Fighting       | 3 4 5 |  5.2
Invocations    | 2 |  2.2
Throwing       | |  1.7

Action                   |  1- 3 |  4- 6 |  7- 9 || total
-------------------------+-------+-------+-------++-------
Melee: Rapier            |    76 |       |       ||    76
       Dagger            |    43 |   159 |   174 ||   376
       Touch             |    10 |    34 |    26 ||    70
       Punch             |       |     2 |     1 ||     3
       Headbutt          |       |       |    27 ||    27
       Kick              |       |       |    26 ||    26
  Use: Scroll            |     1 |     6 |       ||     7
       Potion            |       |     2 |       ||     2
 Stab: Sleeping          |     2 |       |       ||     2
       Paralysed         |       |       |     6 ||     6
Armor: Leather armour    |    56 |    32 |     1 ||    89
       Chain mail        |       |       |    71 ||    71
Dodge: Dodged            |   108 |    64 |    61 ||   233

Table legend: (Time is in decaauts)
 A = Elapsed time spent in this place.
 B = Non-inter-level travel time spent in this place.
 C = Inter-level travel time spent in this place.
 D = Time resting spent in this place.
 E = Time spent auto-exploring this place.
 F = Levels seen in this place.
 G = Mean time per level.
                   A        B        C        D        E       F      G
               +--------+--------+--------+--------+--------+-----+--------+
         Total |   6897 |   6779 |    118 |   1066 |   4847 |   5 | 1379.4 |
       Dungeon |   6897 |   6779 |    118 |   1066 |   4847 |   5 | 1379.4 |
               +--------+--------+--------+--------+--------+-----+--------+

Top non-repeatable levels by time:
     D:4: 1909 daAuts
     D:3: 1628 daAuts
     D:1: 1395 daAuts
     D:5: 1088 daAuts
     D:2: 876 daAuts
